 Dungeon Crawl Stone Soup version 0.17.1-2-g5865329 (webtiles) character file.

4132 Arkorax the Martial Artist (level 10, -7/58 HPs)
             Began as a Vine Stalker Monk on Jan 10, 2016.
             Was an Elder of Zin.
             Mangled by an orc warrior
             ... wielding a +0 halberd
              (11 damage)
             ... on level 8 of the Dungeon.
             The game lasted 00:14:45 (6258 turns).

Arkorax the Martial Artist (Vine Stalker Monk)      Turns: 6258, Time: 00:14:45

Health: -7/58      AC:  6    Str: 14    XL:     10   Next: 27%
Magic:  0/14       EV: 13    Int: 10    God:    Zin [****..]
Gold:   296        SH:  0    Dex: 20    Spells: 0 memorised, 9 levels left

rFire  . . .     SeeInvis +       - Unarmed
rCold  . . .     Clarity  +     K - +2 robe {MR+}
rNeg   . . .     SustAt   .     (no shield)
rPois  .         Gourm    .     (no helmet)
rElec  .         Spirit   +     m - +0 cloak
rCorr  .         Warding  .     v - +0 pair of gloves
rMut   .         Stasis   .     (no boots)
MR     ++...                    n - amulet of clarity
Stlth  ++........               (no ring)
                                F - ring of see invisible

@: about to teleport, drained, very resistant to hostile enchantments,
unstealthy
A: fangs 3, regeneration 2, magic shield, antimagic bite, no device heal 3, rot
immunity
a: Recite, Vitalisation, Imprison, Donate Gold, Renounce Religion


You were on level 8 of the Dungeon.
You worshipped Zin.
Zin was greatly pleased with you.
You were not hungry.

You visited 2 branches of the dungeon, and saw 9 of its levels.

You collected 583 gold pieces.
You spent 255 gold pieces at shops.
You donated 32 gold pieces to Zin.

Inventory:

Hand Weapons
 D - a -1 quick blade
Missiles
 q - 16 tomahawks (quivered)
Armour
 m - a +0 cloak (worn)
 v - a +0 pair of gloves (worn)
 B - a +4 ring mail
 K - a +2 robe of magic resistance (worn)
Jewellery
 c - an uncursed amulet of rage {unknown}
 n - an amulet of clarity (around neck)
 F - a ring of see invisible (left hand)
Wands
 z - a wand of flame (13)
 A - a wand of cold (5)
Scrolls
 b - a scroll of enchant armour {unknown}
 e - 3 scrolls of immolation
 i - 2 scrolls of recharging
 o - a scroll of amnesia
 x - a scroll of magic mapping
 H - a scroll of remove curse
 I - a scroll of noise
Potions
 a - a potion of brilliance
 d - a potion of might {unknown}
 f - a potion of flight
 j - a potion of heal wounds
 k - a potion of haste
 p - a potion of berserk rage
 r - 4 potions of agility
 t - a potion of magic
 u - a potion of mutation
 C - a potion of curing
 E - 2 potions of lignification
Miscellaneous
 G - a fan of gales (inert)
Comestibles
 g - a royal jelly
 h - a beef jerky
 s - 3 fruits
 w - a bread ration


   Skills:
 * Level 9.6(9.0) Fighting
 - Level 2.4(1.9) Dodging
 - Level 2.4(1.9) Stealth
 * Level 10.5(9.9) Unarmed Combat
 + Level 4.0(3.6) Invocations


You had 9 spell levels left.
You didn't know any spells.

Dungeon Overview and Level Annotations

Branches:
Dungeon (8/15)             Temple (1/1) D:6
   Lair: D:8-11

Altars:
Ashenzari
Cheibriados
Dithmenos
Elyvilon
Fedhas
Gozag
Kikubaaqudgha
Makhleb
Nemelex Xobeh
Okawaru
Qazlal
Ru
Sif Muna
Trog
Vehumet
Xom
Yredelemnul
Zin
The Shining One

Shops:
D:4 (   D:6 }

Annotations:
D:4 Clownie's ghost, amateur FoFi
D:6 2 runed doors


Innate Abilities, Weirdness & Mutations

You have razor-sharp teeth.
You heal very quickly.
When hurt, damage is shared between your health and your magic reserves.
Your bite disrupts and absorbs the magic of your enemies.
Potions and wands cannot restore your health.
You are immune to rotting.


Message History

You bite the orc warrior, but do no damage.
The orc warrior is severely wounded.
The orc warrior hits you with a halberd!!
* * * LOW HITPOINT WARNING * * *
The orc wizard barely misses you.
The orc wizard hits you with an enchanted dagger.
* * * LOW HITPOINT WARNING * * *
You are too injured to fight recklessly!
The orc wizard hits you but does no damage.
The orc warrior barely misses you. The orc wizard hits you with a dagger.
* * * LOW HITPOINT WARNING * * *
The orc wizard casts a spell.
The orc wizard blinks!
The orc wizard closely misses you.
Read which item? (? for menu, Esc to quit)
As you read the scroll of teleportation, it crumbles to dust.
You feel strangely unstable.
The orc wizard gestures wildly while chanting.
The orc wizard blinks!
The orc warrior hits you from afar with a halberd!
You die...

#..........#..........#
#.#..<.....#..........#
#..........#..........#
...
###........#..o.......#
... #....8...#....###<..#
#..
#..$.....#....###...###..
#........#...............
#........'...............
#....o..@#............8..
#.......ยง#............P..
#.......o#...............
#........#+######..###88.
#........# #..#.....
.....<..# ....#.....
........# .....+.....
........# +.....#.....
........# #.....#.....


You could see an orc warrior and 2 orc wizards.

Vanquished Creatures
  2 hill giants (D:6)
  The ghost of Clownie the Shield-Bearer, an amateur FoFi (D:6)
  A black bear (D:7)
  An orc warrior (D:6)
  A sky beast (D:6)
  3 ogres
  2 ice beasts (D:6)
  2 centaurs
  A crocodile (D:5)
  2 giant frogs (D:6)
  5 killer bees (D:7)
  A water moccasin skeleton (D:4)
  3 scorpions
  2 wights (D:7)
  2 crimson imps
  2 hounds
  2 jellies
  6 orc priests
  A giant frog zombie (D:7)
  A centaur skeleton (D:7)
  2 iguanas
  8 orc wizards
  6 worker ants
  3 killer bee zombies
  A hound skeleton (D:5)
  A hound zombie (D:6)
  A mummy (D:8)
  A gnoll (D:6)
  A shadow imp (D:8)
  3 adders
  2 oozes
  3 adder skeletons
  3 giant geckos
  30 orcs
  8 hobgoblins
  3 jackals (D:1)
  8 kobolds
  4 quokkas
  5 bats
  6 giant cockroaches
  A giant gecko skeleton (D:6)
  3 giant newts
  6 goblins
  A quokka skeleton (D:3)
  8 rats
159 creatures vanquished.

Vanquished Creatures (collateral kills)
  A hill giant (D:6)
1 creature vanquished.

Grand Total: 160 creatures vanquished

Notes
Turn   | Place    | Note
--------------------------------------------------------------
     0 | D:1      | Arkorax the Vine Stalker Monk began the quest for the Orb.
     0 | D:1      | Reached XP level 1. HP: 11/11 MP: 2/2
   160 | D:1      | Reached XP level 2. HP: 16/16 MP: 3/3
   631 | D:1      | Reached XP level 3. HP: 20/20 MP: 4/4
  1372 | D:2      | You fall through a shaft!
  1571 | D:3      | Found an opulent altar of Gozag.
  1796 | D:3      | Reached XP level 4. HP: 25/25 MP: 5/5
  1959 | D:3      | Found a shimmering altar of Xom.
  2117 | D:4      | Noticed Clownie's ghost (amateur FoFi)
  2297 | D:4      | Reached skill level 5 in Unarmed Combat
  2297 | D:4      | Reached XP level 5. HP: 19/29 MP: 3/6
  2463 | D:4      | Gained mutation: You heal very quickly. [Vine Stalker growth]
  2463 | D:4      | Reached XP level 6. HP: 32/34 MP: 7/7
  2494 | D:4      | Found a radiant altar of Vehumet.
  2499 | D:4      | Found Taroder's Antique Weapon Shoppe.
  2890 | D:5      | Entered Level 5 of the Dungeon
  3173 | D:5      | Reached skill level 6 in Unarmed Combat
  3211 | D:5      | Reached skill level 5 in Fighting
  3368 | D:5      | Reached XP level 7. HP: 39/39 MP: 8/8
  3761 | D:4      | Bought a glowing quick blade for 255 gold pieces
  3849 | D:6      | Found Feufo's Gadget Shop.
  3872 | D:6      | Reached skill level 7 in Unarmed Combat
  4074 | D:6      | Gained mutation: You have razor-sharp teeth. [Vine Stalker growth]
  4074 | D:6      | Reached XP level 8. HP: 33/44 MP: 9/9
  4145 | D:6      | Found a staircase to the Ecumenical Temple.
  4156 | Temple   | Entered the Ecumenical Temple
  4164 | Temple   | Became a worshipper of Zin the Law-Giver
  4164 | Temple   | Reached * piety under Zin
  4164 | Temple   | Reached ** piety under Zin
  4217 | D:6      | Found a large runed door.
  4217 | D:6      | Found a large runed door.
  4242 | D:6      | Found a large runed door.
  4242 | D:6      | Found a large runed door.
  4262 | D:6      | Killed Clownie's ghost
  4262 | D:6      | Reached skill level 8 in Unarmed Combat
  4271 | D:6      | Noticed a hill giant
  4271 | D:6      | Noticed a hill giant
  4305 | D:6      | Zin protects you from harm!
  4573 | D:6      | Reached skill level 1 in Invocations
  4586 | D:6      | Reached *** piety under Zin
  4782 | D:7      | Reached XP level 9. HP: 48/50 MP: 10/10
  5111 | D:7      | Reached skill level 9 in Unarmed Combat
  5175 | D:7      | HP: 2/51 [killer bee (4)]
  5379 | D:7      | Found a radiant altar of Vehumet.
  5406 | D:7      | Found a shadowy altar of Dithmenos.
  5406 | D:7      | Found a blossoming altar of Fedhas.
  5658 | D:6      | Killed a hill giant
  5744 | D:6      | Killed a hill giant
  5744 | D:6      | Reached skill level 10 in Unarmed Combat
  5838 | D:6      | Reached **** piety under Zin
  5845 | D:6      | Reached XP level 10. HP: 56/58 MP: 13/13
  5847 | D:6      | Noticed a hill giant
  5859 | D:6      | Killed a hill giant
  6258 | D:8      | Mangled by an orc warrior

Action                   |  1- 3 |  4- 6 |  7- 9 | 10-12 || total
-------------------------+-------+-------+-------+-------++-------
Melee: Unarmed           |   107 |   113 |   272 |    74 ||   566
Evoke: Wand              |       |       |    10 |       ||    10
       Fan of gales      |       |       |     1 |       ||     1
  Use: Scroll            |       |     9 |     3 |     9 ||    21
       Potion            |       |       |     5 |       ||     5
 Stab: Sleeping          |     6 |       |     4 |     1 ||    11
       Distracted        |       |       |     2 |       ||     2
  Eat: Bread ration      |     1 |       |       |       ||     1
       Meat ration       |       |     1 |     1 |       ||     2
       Fruit             |       |       |     3 |       ||     3
       Beef jerky        |       |       |     2 |       ||     2
